 Dungeon Crawl Stone Soup version 0.23.0-3-gf3c87f2 (webtiles) character file.

Game seed: 13231440466094307937

77 wolfsongas the Sneak (level 4, -4/26 HPs)
             Began as an Octopode Assassin on Feb 24, 2019.
             Slain by a gnoll
             ... wielding a +2 flail of crushing
              (8 damage)
             ... on level 2 of the Dungeon.
             The game lasted 00:02:53 (1525 turns).

wolfsongas the Sneak (Octopode Assassin)            Turns: 1525, Time: 00:02:54

Health: -4/26      AC:  1    Str: 10    XL:     4   Next: 34%
Magic:  4/4        EV: 14    Int: 13    God:
Gold:   84         SH:  0    Dex: 14    Spells: 3/3 levels left

rFire    . . .     SeeInvis +   a - +2 dagger
rCold    . . .     Gourm    .   (no shield)
rNeg     . . .     Faith    .   (helmet restricted)
rPois    .         Spirit   .   (no amulet)
rElec    .         Reflect  .   i - ring of see invisible
rCorr    .         Harm     .   (no ring)
MR       +....                  (no ring)
Stlth    ++++......             (no ring)
HPRegen  0.08/turn              (no ring)
MPRegen  0.09/turn              (no ring)
                                (no ring)
                                (no ring)

@: no status effects
A: almost no armour, stealthy swim, amphibious, 8 rings, constrict 8, camouflage
1, frail 1, high mp 1, magic resistance 1, gelatinous body 1
a: no special abilities


You were on level 2 of the Dungeon.
You were not hungry.

You visited 1 branch of the dungeon, and saw 2 of its levels.

You collected 84 gold pieces.

Inventory:

Hand Weapons
 a - a +2 dagger (weapon)
 b - a +0 blowgun
Missiles
 c - 5 poisoned needles
 d - 2 curare-tipped needles
Jewellery
 i - a ring of see invisible (left tentacle)
Scrolls
 e - 3 scrolls of remove curse
 j - 2 scrolls of amnesia
Potions
 g - a potion of flight
 l - a potion of haste {unknown}
Comestibles
 f - a ration


   Skills:
 - Level 2.0 Fighting
 + Level 2.7 Short Blades
 - Level 2.0 Throwing
 * Level 3.0 Dodging
 + Level 6.0 Stealth


You had 3 spell levels left.
You didn't know any spells.
Your spell library was empty.

Dungeon Overview and Level Annotations

Branches:
Dungeon (2/15)

Altars:
Makhleb


Innate Abilities, Weirdness & Mutations

You cannot wear most types of armour.
You are very stealthy in the water. (Stealth+)
You are amphibious.
You can wear up to eight rings at the same time.
You can use your tentacles to constrict eight enemies at once.
Your skin changes colour to match your surroundings (Stealth+).
Your rubbery body absorbs attacks. (AC +1, EV +1)
You are frail. (-10% HP)
You have an increased reservoir of magic. (+10% MP)
You are resistant to hostile enchantments. (MR+)


Message History

The gnoll misses you.
a - a +2 dagger (weapon)
The helpless kobold fails to defend itself.
You impale the kobold!!
You kill the kobold!
The gnoll closely misses you. The gnoll hits you with a +0 halberd!
The gnoll shouts!
You hit the gnoll.
You kill the gnoll!
Your Dodging skill increases to level 3!
Your Stealth skill increases to level 6!
You see here a +0 halberd.
You barely miss the gnoll. Your grab misses the gnoll.
The gnoll hits you with a +2 flail of crushing!
Ouch! That really hurt!
* * * LOW HITPOINT WARNING * * *
x2 You closely miss the gnoll.
Your grab misses the gnoll.
The gnoll hits you with a +2 flail of crushing!
You die...

######## #......#
##......#
*********####.......#
,,,,,,,,,......)....#
*********#######@####
********** #g#
**,,,,,,,>* #.#
**,,,,,,,,* #(#
,,,,,,,,,,* #.#
**,,,,,,,,* #.#
***,,****** #.#
###,,* #.# ...,** #.#


You could see a gnoll.

Vanquished Creatures
  A gnoll (D:2)
  2 adders (D:2)
  An ooze (D:1)
  A dart slug (D:1)
  7 bats
  4 giant cockroaches
  7 goblins
  3 hobgoblins
  A quokka (D:2)
  A ball python (D:1)
  4 frilled lizards
  8 kobolds
  5 rats
45 creatures vanquished.

Notes
Turn   | Place    | Note
-------+----------+-------------------------------------------
     0 | D:1      | wolfsongas the Octopode Assassin began the quest for the
                  | Orb.
     0 | D:1      | Reached XP level 1. HP: 14/14 MP: 1/1
    77 | D:1      | Reached XP level 2. HP: 19/19 MP: 2/2
   441 | D:1      | Reached XP level 3. HP: 23/24 MP: 3/3
   982 | D:2      | Found a burning altar of Makhleb.
  1126 | D:2      | Gained mutation: You are frail. (-10% HP) [potion of
                  | mutation]
  1126 | D:2      | Gained mutation: You have an increased reservoir of magic.
                  | (+10% MP) [potion of mutation]
  1126 | D:2      | Gained mutation: You are resistant to hostile enchantments.
                  | (MR+) [potion of mutation]
  1172 | D:2      | Reached XP level 4. HP: 26/26 MP: 4/4
  1522 | D:2      | Reached skill level 6 in Stealth
  1525 | D:2      | Slain by a gnoll

Skill      XL: |  1  2  3  4 |
---------------+-------------+-----
Dodging        | 2 3 |  3.0
Stealth        | 6 |  6.0
Fighting       | |  2.0
Short Blades   | |  2.7
Throwing       | |  2.0

Action                   |  1- 3 |  4- 6 || total
-------------------------+-------+-------++-------
Melee: Dagger            |    56 |    15 ||    71
       Constrict         |    18 |     4 ||    22
       Tentacles         |    11 |       ||    11
 Fire: Blowgun           |       |     3 ||     3
  Use: Scroll            |     5 |     2 ||     7
       Potion            |     1 |       ||     1
 Stab: Sleeping          |    11 |     1 ||    12
  Eat: Ration            |     1 |       ||     1
Armor: Skin              |     8 |     1 ||     9
Dodge: Dodged            |    64 |    14 ||    78
